Map: Orbital Shipyard

Players

NordWind

  • Race: Zerg Zerg

SnafuKid - Winner!

  • Race: Terran Terran
  • League: Silver

VOD

Have the link to the VOD?

Description

Time

  • Played on: Nov. 19, 2015, 10:41 p.m.
  • Length: 13:39
Show
View Real Time Build Order
Export as new Build Order

NordWind Zerg 

Build Orders: Hatch First 

Get SALT Encoding   

  12  0:01  Drone  
  13  0:13  Overlord  
  13  0:18  Drone  
  14  0:43  Hatchery  
  14  0:47  Drone  
  14  1:03  Spawning Pool  
  13  1:14  Extractor  
  13  1:16  Drone x3  
  15  1:30  Drone  
  16  1:44  Drone  
  17  1:53  Queen  
  19  1:57  Queen  
  19  1:58  Drone  
  19  1:59  Drone  
  23  2:06  Zergling x4  
  25  2:15  Metabolic Boost  
  25  2:20  Drone  
  26  2:25  Drone x2  
  28  2:50  Overlord x3  
  28  3:12  Drone x3  
  31  3:13  Drone x4  
  35  3:21  Queen  
  37  3:28  Overlord x2  
  37  3:44  Spore Crawler  
  37  3:45  Drone x2  
  37  3:47  Drone x3  
  37  3:48  Drone x2  
  43  3:49  Drone  
  44  4:04  Baneling Nest  
  43  4:12  Zergling x10  
  48  4:22  Roach Warren  
  47  4:25  Extractor  
  47  4:30  Extractor  
  45  4:32  Drone x3, Extractor  
  45  4:38  Drone x3  
  50  4:40  Drone x3  
  53  4:56  Lair  
  53  5:00  Drone x2  
  53  5:02  Drone x2  
  57  5:22  Roach  
  57  5:24  Overlord x2  
  57  5:25  Overlord x3  
  59  5:33  Spore Crawler, Drone  
  53  5:43  Spine Crawler  
  54  5:50  Roach x4  
  54  5:51  Roach x5  
  68  6:22  Hydralisk Den  
  67  6:28  Evolution Chamber  
  67  6:31  Evolution Chamber  
  64  6:56  Queen  
  64  6:58  Drone x3  
  69  7:01  Drone  
  69  7:03  Centrifical Hooks  
  69  7:04  Glial Reconstitution  
  70  7:22  Hatchery  
  69  7:30  Roach x4  
  69  7:31  Hydralisk, Roach  
  69  7:32  Hydralisk x3  
  87  8:02  Zerg Missile Weapons Level 1, Zerg Ground Armor Level 1  
  87  8:09  Infestation Pit  
  86  8:21  Drone x6  
  92  8:40  Overseer x2  
  92  8:46  Spore Crawler  
  92  8:48  Drone x5  
  94  8:49  Drone  
  94  8:50  Drone  
  94  8:54  Overlord  
  98  9:08  Extractor  
  97  9:10  Drone x3, Extractor  
  97  9:13  Drone x2  
  101  9:19  Pneumatized Carapace  
  101  9:38  Drone  
  102  9:39  Queen  
  102  9:42  Overlord x6  
  102  9:43  Overlord  
  104  9:58  Hydralisk x4  
  112  10:08  Hive  
  112  10:15  Queen  
  114  10:43  Hydralisk  
  114  10:44  Hydralisk x5  
  126  10:50  Roach x2  
  126  10:51  Roach x6  
  126  10:52  Roach  
  144  10:57  Ravager  
  144  10:58  Ravager x3  
  144  10:59  Ravager x2  
  150  11:11  Overlord  
  150  11:12  Overlord x3  
  87  12:11  Roach x12  
  87  12:12  Roach x13  
  116  12:32  Hatchery  
  103  12:43  Hydralisk x7  
  103  12:44  Hydralisk x10  
Show
View Real Time Build Order
Export as new Build Order

SnafuKid Terran - Winner!

Build Orders: Reaper Expand, Hellion Banshee 

Get SALT Encoding   

  12  0:02  SCV  
  13  0:14  SCV  
  13  0:20  Supply Depot  
  14  0:26  SCV  
  15  0:41  SCV  
  16  0:44  Barracks  
  16  0:48  Refinery  
  16  0:55  SCV  
  17  1:09  SCV  
  18  1:22  SCV  
  19  1:33  Reaper  
  19  1:34  Orbital Command  
  20  1:46  Command Center  
  20  1:58  Supply Depot  
  20  2:01  SCV  
  21  2:13  SCV  
  23  2:19  Barracks Reactor  
  22  2:25  SCV  
  23  2:32  Factory  
  23  2:35  Refinery  
  23  2:38  SCV  
  23  2:50  SCV  
  24  3:01  Marine x2  
  24  3:02  SCV  
  27  3:05  Orbital Command  
  27  3:14  SCV  
  28  3:23  Starport  
  28  3:34  Barracks Tech Lab  
  28  3:35  Hellion  
  28  3:36  Hellion  
  28  3:37  SCV  
  28  3:38  SCV  
  34  3:43  Supply Depot  
  34  3:49  SCV  
  34  3:50  SCV  
  36  3:57  Hellion x2  
  36  4:02  SCV x2  
  42  4:12  Supply Depot  
  42  4:14  Engineering Bay  
  42  4:16  Banshee  
  42  4:17  Cloaking Field, Engineering Bay  
  45  4:18  Hellion x2  
  45  4:20  Barracks Tech Lab  
  49  4:24  SCV x2  
  51  4:34  Supply Depot  
  51  4:49  Widow Mine x2  
  55  4:53  Combat Shields  
  55  4:54  Marine  
  55  4:58  Banshee  
  59  5:07  Barracks  
  59  5:08  Refinery, Barracks  
  59  5:11  Refinery  
  59  5:12  SCV x2, Marine  
  62  5:30  Marine  
  61  5:47  Marine  
  62  5:57  Starport Reactor  
  62  6:05  Marine  
  58  6:23  Marine  
  58  6:24  Command Center  
  58  6:25  Barracks Reactor x2  
  59  6:26  Siege Tank  
  62  6:38  Barracks  
  62  6:39  Terran Infantry Weapons Level 1, Terran Infantry Armor Level 1  
  62  6:41  Marine  
  62  6:43  Armory  
  62  6:46  Supply Depot  
  63  6:50  SCV x2  
  65  6:58  Siege Tank  
  65  6:59  Marine  
  69  7:07  Medivac  
  71  7:16  Marine  
  71  7:22  Supply Depot, Marine x3  
  74  7:23  Marine  
  74  7:24  Supply Depot  
  74  7:29  Barracks  
  76  7:30  Stimpack, Barracks  
  76  7:34  Marine  
  76  7:36  Siege Tank  
  76  7:37  Supply Depot, SCV x2  
  80  7:40  Marine  
  83  7:49  SCV x2  
  85  7:53  Marauder  
  87  8:00  Supply Depot  
  87  8:01  SCV x2  
  89  8:07  Supply Depot, Marine x3  
  89  8:08  Marine  
  89  8:11  Supply Depot, Medivac  
  95  8:13  SCV x2  
  95  8:14  Marauder  
  95  8:19  Orbital Command  
  99  8:26  SCV  
  100  8:31  Refinery  
  100  8:51  Marine  
  100  8:52  Barracks Reactor, Barracks Tech Lab  
  100  8:55  Drilling Claws  
  101  8:56  Medivac x2  
  101  8:59  Supply Depot  
  105  9:04  SCV x3  
  105  9:07  Siege Tank  
  111  9:10  Marine  
  111  9:13  Concussive Shells  
  111  9:14  Refinery  
  111  9:15  Supply Depot  
  111  9:16  SCV x2  
  114  9:20  Supply Depot  
  114  9:23  Terran Infantry Weapons Level 2  
  114  9:26  Medivac x2  
  114  9:28  Terran Infantry Armor Level 2  
  118  9:37  Terran Vehicle Weapons Level 1  
  118  9:39  Siege Tank  
  118  9:42  Supply Depot  
  118  9:44  Supply Depot x2  
  121  9:47  Marine x7  
  121  9:49  Barracks  
  121  9:50  Barracks  
  128  9:56  Medivac x2  
  132  10:09  Liberator x2  
  132  10:11  Supply Depot x2  
  132  10:12  SCV  
  133  10:14  Supply Depot  
  133  10:25  SCV x3  
  142  10:37  SCV  
  142  10:38  Siege Tank  
  146  10:46  Barracks Reactor  
  146  10:47  Barracks Reactor  
  146  10:49  Marine x2  
  148  10:52  Command Center, Liberator x2  
  148  10:53  SCV  
  148  10:54  SCV x2  
  151  11:10  Siege Tank, Marine x4  
  164  11:11  Marine  
  165  11:31  Marine x3  
  165  11:32  Marauder, Marine x3  
  175  11:33  Marine, Marauder  
  175  11:35  Liberator x2  
  176  11:42  Siege Tank  
  179  11:54  Marauder  
  165  12:11  Marauder, Marine x2  
  168  12:29  Liberator x2  
  167  12:43  Marine x5  
  167  12:44  Marine x3  
  169  12:45  Siege Tank  
Tags
 
Add a new tag
Caveats
  • Supply blocks, unpowered buildings, or Contaminate may cause inaccurate times.
  • Supply counts are checked every 10 seconds.